 Dungeon Crawl Stone Soup version 0.30-a0-630-g881e3bac89 (webtiles) character file.

Game seed: 2696414802710270656

105 Rrauwl the Shield-Bearer (level 4, -2/31 HPs)
             Began as an Octopode Fighter on Jan 13, 2023.
             Was an Initiate of Ru.
             Killed from afar by an orc wizard (9 damage)
             ... with a magic dart
             ... on level 3 of the Dungeon.
             The game lasted 00:04:55 (1247 turns).

Rrauwl the Shield-Bearer (Octopode Fighter)         Turns: 1247, Time: 00:04:55

Health: -2/31      AC:  1    Str: 17    XL:     4   Next: 83%
Magic:  4/4        EV: 13    Int: 10    God:    Ru [......]
Gold:   41         SH:  5    Dex: 11    Spells: 2/3 levels left

rFire   + + .      SeeInvis .    a - +0 long sword
rCold   . . .      Faith    .    l - +1 buckler
rNeg    . . .      Spirit   .    (helmet restricted)
rPois   .          Reflect  .    (no amulet)
rElec   .          Harm     .    e - ring of protection from fire
rCorr   .          Rampage  .    g - ring of protection from fire
Will    .....                    (no ring)
Stlth   ++                       (no ring)
HPRegen 0.25/turn                (no ring)
MPRegen 0.09/turn                (no ring)
                                 (no ring)
                                 (no ring)

@: no status effects
A: almost no armour, amphibious, 8 rings, camouflage 1, gelatinous body 1,
(nimble swimmer 1), tentacles
a: Renounce Religion


You were on level 3 of the Dungeon.
You worshipped Ru.
Ru was noncommittal.
You visited 1 branch of the dungeon, and saw 3 of its levels.

You collected 41 gold pieces.

Inventory:

Hand Weapons
 a - a +0 long sword (weapon)
 b - a +1 short sword of venom
Missiles
 f - 6 atropa-tipped darts (quivered)
 m - 3 boomerangs
Armour
 l - a +1 buckler (worn)
Jewellery
 e - a ring of protection from fire (left tentacle)
 g - a ring of protection from fire (right tentacle)
Scrolls
 d - a scroll of identify
 j - a scroll of amnesia {unknown}
 k - a scroll of magic mapping
Potions
 c - a potion of might
 h - a potion of curing
 i - 2 potions of heal wounds


   Skills:
 - Level 3.0 Fighting
 + Level 3.6 Long Blades
 - Level 3.0 Dodging
 + Level 4.3 Shields


You had 2 spell levels left.
You knew the following spells:

 Your Spells              Type           Power      Damage    Failure   Level
a - Apportation           Tloc           0%         N/A       43%         1

Your spell library contained the following spells:

 Spells                   Type           Power      Damage    Failure   Level
 Dazzling Flash           Conj/Hex       0%         N/A       82%         3
 Iskenderun's Mystic Bla  Conj/Tloc      0%         2d3       99%         4
 Alistair's Intoxication  Tmut/Pois      0%         N/A       100%        5
 Starburst                Conj/Fire      0%         6d3       100%        6


Dungeon Overview and Level Annotations

Branches:
Dungeon (3/15)

Altars:
Ru

Shops:
D:2 *   D:3 (


Innate Abilities, Weirdness & Mutations

You cannot wear most types of armour.
You are amphibious.
You can wear up to eight rings at the same time.
Your skin changes colour to match your surroundings (Stealth+).
Your rubbery body absorbs attacks. (AC +1, EV +1)
((You are camouflaged when in or above water. (Stealth+)))
You have tentacles for arms and can constrict up to eight enemies at once.


Message History

Found a dagger.
The orc priest shouts!
The orc shouts!
An orc priest comes into view. It is wielding a +0 mace.
The orc wizard gestures wildly while chanting.
The orc wizard flickers and vanishes!
Deactivating autopickup; reactivate with Ctrl-A.
You hit the orc. Your grab misses the orc. Your squeeze misses the orc.
The orc is almost dead.
You block the orc's attack. The orc hits you with a +0 hand axe.
You closely miss the orc priest. You grab the orc priest.
You constrict the orc priest. The orc barely misses you.
The orc priest looks braver for a moment.
You slash the orc priest!
The orc priest is heavily wounded.
You constrict the orc priest, but do no damage.
The orc priest hits you with a +0 whip.
You hit the orc priest.
The orc priest is severely wounded.
You constrict the orc priest, but do no damage.
The orc barely misses you. The orc priest hits you with a +0 whip.
The orc priest casts a cantrip, but nothing happens.
You hit the orc priest but do no damage.
You squeeze the orc priest.
You kill the orc priest!
The orc hits you with a +0 hand axe.
The orc priest miscasts a cantrip.
The orc priest hits you but does no damage.
The orc misses you. Something hits you.
You hit the orc priest. You grab the orc priest.
The orc priest is lightly wounded.
You constrict the orc priest. Something hits you. The orc misses you.
The orc priest hits you with a +0 mace.
You slash the orc priest! You squeeze the orc priest.
You kill the orc priest!
The orc hits you with a +0 hand axe.
* * * LOW HITPOINT WARNING * * *
You hear some strange, mumbled words.
A magic dart appears from out of thin air!
The magic dart hits you!
You die...

#....).....#
.....o.{..# ....o.o..
....o.. ..... ... # #
#.# # ....#####.# #
#......@).# #
#......o{.# #
##........###########
#
#########...........#
# .## ###########.# #
..### ######## #.# #
.... ..#.....###'####
##..###.#.###.#.......
#.....#.#.# #.........


You could see an orc.

Vanquished Creatures
  2 orc priests (D:3)
  2 adders
  A worm (D:2)
  2 dart slugs
  3 ball pythons
  4 bats
  4 endoplasms
  A giant cockroach (D:2)
  A goblin (D:1)
  7 hobgoblins
  4 jackals (D:1)
  3 quokkas
  2 frilled lizards
  5 kobolds
  4 rats
45 creatures vanquished.

Vanquished Creatures (collateral kills)
  A worm (D:2)
1 creature vanquished.

Grand Total: 46 creatures vanquished

Notes
Turn   | Place    | Note
-------+----------+-------------------------------------------
     0 | D:1      | Rrauwl the Octopode Fighter began the quest for the Orb.
     0 | D:1      | Reached XP level 1. HP: 16/16 MP: 1/1
    91 | D:1      | Reached XP level 2. HP: 21/21 MP: 2/2
   357 | D:1      | Reached XP level 3. HP: 26/26 MP: 3/3
   494 | D:2      | Found Pitoawan's General Store.
   669 | D:2      | Learned a level 1 spell: Apportation
   996 | D:3      | Reached skill level 4 in Shields
   996 | D:3      | Reached XP level 4. HP: 31/31 MP: 4/4
   999 | D:3      | Found a sacrificial altar of Ru.
  1008 | D:3      | Became a worshipper of Ru the Awakened
  1107 | D:3      | Found Suin's Antique Weapon Shoppe.
  1247 | D:3      | Killed from afar by an orc wizard

Illustrated notes

Levels and vault maps discovered:
D:1:      sevenhm_arrival_forest_fort_small_4, layout_basic
D:2:      layout_rooms, serial_shops, nicolae_shop_window_shopping
D:3:      layout_basic, nicolae_overflow_crystal_walls, serial_shops,
          nicolae_shop_trees, kennysheep_generic_room_6, uniq_sigmund

Skill      XL: |  1  2  3 |
---------------+----------+-----
Long Blades    | 3 |  3.6
Shields        | 4 |  4.3
Fighting       | |  3.0
Dodging        | |  3.0

Action                   |  1- 3 |  4- 6 || total
-------------------------+-------+-------++-------
Melee: Long sword        |    55 |    18 ||    73
       Constrict         |    15 |     5 ||    20
       Tentacles         |    16 |     5 ||    21
  Use: Scroll            |     8 |       ||     8
       Potion            |     5 |       ||     5
 Stab: Sleeping          |    11 |     3 ||    14
       Invisible         |     2 |       ||     2
Armor: Skin              |       |     1 ||     1
Dodge: Dodged            |    22 |     6 ||    28
Block: Buckler           |    10 |     4 ||    14

Table legend: (Time is in decaauts)
 A = Elapsed time spent in this place.
 B = Non-inter-level travel time spent in this place.
 C = Inter-level travel time spent in this place.
 D = Time resting spent in this place.
 E = Time spent auto-exploring this place.
 F = Levels seen in this place.
 G = Mean time per level.
                   A        B        C        D        E       F      G
               +--------+--------+--------+--------+--------+-----+--------+
         Total |   1248 |   1196 |     52 |      0 |    882 |   3 |  416.0 |
       Dungeon |   1248 |   1196 |     52 |      0 |    882 |   3 |  416.0 |
               +--------+--------+--------+--------+--------+-----+--------+

Top non-repeatable levels by time:
     D:1: 503 daAuts
     D:2: 431 daAuts
     D:3: 314 daAuts
